 Dungeon Crawl Stone Soup version 0.29.1-1-gd02db6906a (webtiles) character file.

Game seed: 422905311233045172

16343 pacmanke6689 the Carver (level 12, -1/105 HPs)
             Began as a Minotaur Fighter on Sept 20, 2022.
             Was a Priest of the Shining One.
             Killed from afar by an oklob plant (17 damage)
             ... with a splash of acid
             ... on level 1 of the Lair of Beasts.
             The game lasted 00:33:09 (13593 turns).

pacmanke6689 the Carver (Minotaur Fighter)         Turns: 13593, Time: 00:33:11

Health: -1/105     AC:  0    Str: 22    XL:     12   Next: 9%
Magic:  11/11      EV: 17    Int:  5    God:    the Shining One [***...]
Gold:   965        SH: 19    Dex: 14    Spells: 10/11 levels left

rFire   . . .      SeeInvis .   D - +2 long sword (holy)
rCold   . . .      Faith    .   u - +2 tower shield
rNeg    + . .      Spirit   .   c - +0 steam dragon scales
rPois   .          Reflect  .   (helmet restricted)
rElec   .          Harm     .   z - +0 cloak
rCorr   .          Rampage  .   l - +1 pair of gloves
Will    .....                   t - +0 pair of boots
Stlth   +.........              (no amulet)
HPRegen 0.27/turn               f - +4 ring of protection
MPRegen 0.12/turn               e - +4 ring of evasion

@: mighty, corroded, glowing
A: horns 2, retaliatory headbutt
a: Renounce Religion, Divine Shield, Cleansing Flame


You were on level 1 of the Lair of Beasts.
You worshipped the Shining One.
The Shining One was most pleased with you.
You visited 2 branches of the dungeon, and saw 12 of its levels.

You collected 1001 gold pieces.
You spent 36 gold pieces at shops.

Inventory:

Hand Weapons
 D - a +2 long sword of holy wrath (weapon)
Armour
 c - +0 steam dragon scales (worn)
 l - a +1 pair of gloves (worn)
 t - a +0 pair of boots (worn)
 u - a +2 tower shield (worn)
 z - a +0 cloak (worn)
Jewellery
 a - an amulet of faith
 e - a +4 ring of evasion (right hand)
 f - a +4 ring of protection (left hand)
 o - a ring of resist corrosion
 B - a ring of wizardry
Wands
 g - a wand of mindburst (4)
 m - a wand of flame (11)
 s - a wand of polymorph (10)
 y - a wand of charming (7)
 C - a wand of iceblast (13)
Scrolls
 i - 8 scrolls of teleportation
 v - 2 scrolls of fog
Potions
 h - 6 potions of flight
 j - 2 potions of resistance
 k - 4 potions of magic
 n - 3 potions of cancellation
 p - 2 potions of attraction
 q - 5 potions of degeneration
 w - 4 potions of lignification
 A - a potion of curing
Miscellaneous
 d - a phantom mirror
 x - a phial of floods


   Skills:
 + Level 9.5 Fighting
 + Level 13.9 Long Blades
 + Level 7.3 Armour
 + Level 8.4 Dodging
 + Level 2.7 Stealth
 + Level 12.9 Shields
 + Level 0.4 Spellcasting
 + Level 0.3 Earth Magic


You had 10 spell levels left.
You knew the following spells:

 Your Spells              Type           Power      Damage    Failure   Level
a - Sandblast             Erth           0%         2d4       90%         1

Your spell library contained the following spells:

 Spells                   Type           Power      Damage    Failure   Level
 Apportation              Tloc           0%         N/A       93%         1
 Slow                     Hex            0%         N/A       93%         1
 Passwall                 Tmut/Erth      0%         N/A       97%         2
 Sublimation of Blood     Necr           0%         N/A       98%         2
 Wereblood                Tmut           0%         N/A       98%         2
 Confusing Touch          Hex            0%         N/A       100%        3
 Stone Arrow              Conj/Erth      0%         3d7       100%        3
 Vampiric Draining        Necr           0%         2d6       100%        3
 Alistair's Intoxication  Tmut/Pois      0%         N/A       100%        5
 Summon Hydra             Summ           0%         N/A       100%        7


Dungeon Overview and Level Annotations

Branches:
Dungeon (11/15)            Temple (0/1) D:5            Lair (1/5) D:11
    Orc (0/2) D:10

Altars:
Fedhas
Hepliaklqana
Makhleb
Nemelex Xobeh
Okawaru
Sif Muna
Trog
Vehumet
The Shining One

Shops:
D:3 !   D:6 !   D:10 (

Annotations:
Lair:1 2 transporters, exclusion: oklob plant, Braxton's ghost, journeyman HOFi


Innate Abilities, Weirdness & Mutations

You have a pair of horns on your head.
You reflexively headbutt those who attack you in melee.


Message History

The oklob plant is severely damaged.
The oklob plant spits acid at you. The splash of acid hits you.
The acid corrodes you!
You hit the oklob plant but do no damage.
The oklob plant is severely damaged.
The oklob plant spits acid at you. The splash of acid hits you!
The acid corrodes you!
You hit the oklob plant but do no damage.
The oklob plant is severely damaged.
The oklob plant spits acid at you. The splash of acid hits you!
The acid corrodes you!
You hit the oklob plant but do no damage.
The oklob plant is severely damaged.
You completely miss the oklob plant.
The oklob plant is heavily damaged.
You hit the oklob plant.
The oklob plant is heavily damaged.
You hit the oklob plant but do no damage.
The oklob plant is heavily damaged.
The oklob plant spits acid at you. The splash of acid hits you!
* * * LOW HITPOINT WARNING * * *
The acid corrodes you!
You are confused.
You feel invigorated.
You feel less invigorated.
You feel less confused.
You feel very mighty all of a sudden.
You slash the oklob plant!
You headbutt the oklob plant, but do no damage.
The oklob plant is severely damaged.
The oklob plant spits acid at you. The splash of acid hits you!!
* * * LOW HITPOINT WARNING * * *
You hit the oklob plant but do no damage.
You headbutt the oklob plant, but do no damage.
The oklob plant is severely damaged.
The oklob plant spits acid at you. The splash of acid hits you!
You die...

...#..##8F...F8##........##...#..
.#.#...#########.......#.##.#....
...........©........##...##.#....
...#..............P.##......#....
.#.#...#..........#.#....#P......
.#...#.#..........#......##......
.#.#.....................##...#..
...#............P........##.#....
.#.........#....@......#....#.#.#
.........#........#....#.##...#.#
.#.......#.#......#....#..†.....P
.P.#.#...#.#......#....#.P#...#..
...#.#...#.............#.##.#.#..
..>..#...#.............#.##.#...#
.......#........................#
.........P...##..........##.#.#.#
.....#.#.#...##..........##.#...#


You could see an oklob plant.

Vanquished Creatures
  A boulder beetle (D:10)
  2 two-headed ogres
  An orc knight (D:11)
  Pikel (D:4)
  An orc sorcerer (D:10)
  A manticore (D:11)
  3 cane toads (Lair:1)
  An unseen horror (D:11)
  A kobold demonologist (D:11)
  A komodo dragon (D:11)
  3 trolls
  4 blink frogs (Lair:1)
  Sigmund (D:3)
  2 basilisks
  3 wyverns (D:11)
  18 yaks
  Grum (D:11)
  7 steam dragons
  3 water moccasins
  A swamp drake (D:11)
  4 orc warriors
  An ice beast (D:7)
  5 black bears
  2 sky beasts (D:6)
  5 ogres
  3 wolves (D:11)
  4 centaurs
  2 lemures (D:4)
  A phantom (D:5)
  8 kobold brigands
  2 necrophages
  2 scorpions (D:6)
  7 bullfrogs
  7 wights
  7 killer bees
  An electric eel (D:8)
  5 howler monkeys
  5 hounds
  2 jellies
  3 orc priests
  Crazy Yiuf (D:4)
  3 gnoll boudas
  7 orc wizards
  2 iguanas (D:6)
  15 gnolls
  5 adders
  A white imp (D:7)
  5 worms
  4 dart slugs
  18 orcs
  4 endoplasms
  3 giant cockroaches
  9 goblins
  12 hobgoblins
  3 jackals
  3 quokkas
  9 ball pythons
  5 bats
  9 frilled lizards
  29 kobolds
  6 rats
285 creatures vanquished.

Vanquished Creatures (others)
  A fungus (Lair:1)
  17 plants
18 creatures vanquished.

Grand Total: 303 creatures vanquished

Notes
Turn   | Place    | Note
-------+----------+-------------------------------------------
     0 | D:1      | pacmanke6689 the Minotaur Fighter began the quest for the
                  | Orb.
     0 | D:1      | Reached XP level 1. HP: 19/19 MP: 0/0
   186 | D:1      | Found a faded altar of an unknown god.
   209 | D:1      | Reached XP level 2. HP: 27/27 MP: 1/1
   698 | D:2      | Reached skill level 3 in Long Blades
   749 | D:2      | Reached XP level 3. HP: 33/33 MP: 2/2
   796 | D:2      | Identified the +7 hand axe of Setusm {distort, Int+4 Dex+2}
   951 | D:2      | Found a glowing golden altar of the Shining One.
   967 | D:2      | Became a worshipper of the Shining One
   997 | D:2      | Reached skill level 4 in Long Blades
   997 | D:2      | Reached XP level 4. HP: 6/40 MP: 3/3
  2075 | D:3      | Found Meimiliu's Distillery.
  2229 | D:3      | Noticed Sigmund
  2244 | D:3      | Killed Sigmund
  2245 | D:3      | Reached skill level 5 in Long Blades
  2245 | D:3      | Reached skill level 1 in Dodging
  2245 | D:3      | Reached XP level 5. HP: 47/47 MP: 4/4
  2245 | D:3      | Reached XP level 6. HP: 55/55 MP: 5/5
  2509 | D:3      | Reached skill level 5 in Fighting
  2509 | D:3      | Reached skill level 6 in Long Blades
  2737 | D:3      | Found a sparkling altar of Nemelex Xobeh.
  2741 | D:3      | Found a bloodstained altar of Trog.
  2741 | D:3      | Found an iron altar of Okawaru.
  2742 | D:3      | Found a blossoming altar of Fedhas.
  2744 | D:3      | Found a radiant altar of Vehumet.
  2745 | D:3      | Found a hazy altar of Hepliaklqana.
  3360 | D:4      | Reached skill level 5 in Armour
  3360 | D:4      | Reached skill level 1 in Stealth
  3360 | D:4      | Reached XP level 7. HP: 59/61 MP: 6/6
  3481 | D:4      | Noticed Pikel
  3520 | D:4      | Killed Pikel
  3521 | D:4      | Reached skill level 7 in Long Blades
  3521 | D:4      | Reached skill level 5 in Shields
  3521 | D:4      | Reached XP level 8. HP: 41/70 MP: 7/7
  3676 | D:4      | Found a burning altar of Makhleb.
  3801 | D:4      | Found a runed translucent door.
  3802 | D:4      | Noticed Crazy Yiuf
  4009 | D:4      | Killed Crazy Yiuf
  4110 | D:5      | Entered Level 5 of the Dungeon
  4191 | D:5      | Reached skill level 8 in Long Blades
  4649 | D:5      | Reached * piety under the Shining One
  4774 | D:5      | Found a staircase to the Ecumenical Temple.
  4988 | D:6      | Found Uphelo Momoy's Distillery.
  5012 | D:6      | Reached skill level 9 in Long Blades
  5218 | D:6      | Bought a potion of curing for 36 gold pieces
  5264 | D:6      | Learned a level 1 spell: Sandblast
  5526 | D:6      | Reached XP level 9. HP: 75/75 MP: 8/8
  5905 | D:6      | Reached skill level 10 in Long Blades
  6484 | D:7      | Noticed a two-headed ogre
  6494 | D:7      | Killed a two-headed ogre
  6796 | D:7      | Reached skill level 11 in Long Blades
  6906 | D:7      | Reached ** piety under the Shining One
  6916 | D:7      | Reached XP level 10. HP: 86/86 MP: 9/9
  8307 | D:9      | Reached skill level 5 in Dodging
  8660 | D:9      | Reached skill level 10 in Shields
  8797 | D:9      | Reached skill level 12 in Long Blades
  9283 | D:9      | Found a shimmering blue altar of Sif Muna.
  9330 | D:10     | Entered Level 10 of the Dungeon
  9569 | D:10     | Noticed a boulder beetle
  9617 | D:10     | Killed a boulder beetle
  9618 | D:10     | Reached XP level 11. HP: 41/94 MP: 10/10
 10073 | D:10     | Found Abboang's Weapon Emporium.
 10109 | D:10     | Reached skill level 13 in Long Blades
 10109 | D:10     | Found a staircase to the Orcish Mines.
 10843 | D:11     | Noticed an orc knight
 10843 | D:11     | Noticed an orc sorcerer
 10843 | D:11     | Reached *** piety under the Shining One
 10855 | D:10     | Killed an orc sorcerer
 10878 | D:11     | Killed an orc knight
 11036 | D:11     | Noticed Grum
 11052 | D:11     | Killed Grum
 11324 | D:11     | Found a gate leading to a gauntlet.
 11328 | D:11     | Noticed a two-headed ogre
 11346 | D:11     | Killed a two-headed ogre
 12506 | D:11     | Found a staircase to the Lair.
 12554 | Lair:1   | Entered Level 1 of the Lair of Beasts
 12596 | Lair:1   | Noticed an oklob plant
 12601 | Lair:1   | Found a transporter.
 12911 | Lair:1   | Noticed Braxton's ghost (journeyman HOFi)
 12913 | Lair:1   | Noticed a seven-headed hydra
 13052 | Lair:1   | Reached XP level 12. HP: 104/104 MP: 11/11
 13450 | Lair:1   | Found a transporter.
 13593 | Lair:1   | Killed from afar by an oklob plant

Illustrated notes

Levels and vault maps discovered:
D:1:      scummos_arrival_forest, layout_basic,
          hellmonk_ecumenical_altar_leap_of_faith, minmay_pentomino_w4
D:2:      minmay_chambers_of_ones, layout_basic, basic_altar
D:3:      layout_basic, minitemple, serial_shops, nicolae_shop_crystal,
          minmay_fractal_squares_gapless_5, uniq_sigmund
D:4:      layout_basic, lightli_temple_of_fire, uniq_pikel,
          uniq_crazy_yiuf_cottage
D:5:      layout_basic, minmay_temple_entry_offerings
D:6:      kennysheep_housing_project, layout_basic, nicolae_stop_n_shop_2
D:7:      layout_basic
D:8:      layout_gridville, water_maze_lemuel
D:9:      layout_small_grid, tgw_sif, uniq_harold
D:10:     cheibrodos_steamvent, layout_stronghold, orc_david_3
D:11:     layout_long_grid, erik_lair_dragon, gauntlet_entry_generic,
          minivault_5, grunt_decor_cap, uniq_grum
Lair:1:   layout_long_grid, gammafunk_ghost_arena, beast_lair_carwin_2

Skill      XL: |  1  2  3  4  5  6  7  8  9 10 11 |
---------------+----------------------------------+-----
Shields        | 4 5 7 9 11 12 | 12.9
Fighting       | 4 5 6 7 8 9 |  9.5
Long Blades    | 3 4 5 6 7 9 11 12 13 | 13.9
Armour         | 4 5 6 7 |  7.3
Dodging        | 1 2 3 4 6 8 |  8.4
Stealth        | 1 2 |  2.7
Spellcasting   | |  0.4
Earth Magic    | |  0.3

Action                   |  1- 3 |  4- 6 |  7- 9 | 10-12 || total
-------------------------+-------+-------+-------+-------++-------
Melee: Long sword        |    81 |   109 |   231 |   457 ||   878
       Headbutt          |    14 |    24 |    56 |   134 ||   228
Invok: Divine Shield     |       |       |       |     1 ||     1
  Use: Scroll            |     3 |     4 |    15 |     6 ||    28
       Potion            |       |     1 |     2 |    18 ||    21
Armor: Scale mail        |    52 |    45 |    92 |       ||   189
       Steam dragon scal |       |       |     1 |   130 ||   131
Dodge: Dodged            |    42 |    44 |    98 |   257 ||   441
Block: Buckler           |    21 |    11 |       |       ||    32
       Tower shield      |       |    18 |   259 |   529 ||   806
